 Dungeon Crawl Stone Soup version 0.27-a0-1206-g6342a01c75 (webtiles) character file.

Game seed: 4367100373625240555

508 Delamore the Poker (level 7, -1/56 HPs)
             Began as a Formicid Fighter on June 5, 2021.
             Was a Plaything of Xom.
             Slain by an orange demon (7 damage)
             ... summoned by Xom
             ... on level 5 of the Dungeon.
             The game lasted 00:04:26 (3224 turns).

Delamore the Poker (Formicid Fighter)               Turns: 3224, Time: 00:04:27

Health: -1/56      AC:  6    Str: 22    XL:     7   Next: 42%
Magic:  7/7        EV:  8    Int:  8    God:    Xom [*.....]
Gold:   88         SH:  9    Dex: 10    Spells: 6/6 levels left

rFire    . . .     SeeInvis +   a - +0 trident (flame)
rCold    . . .     Faith    .   c - +0 kite shield
rNeg     . . .     Spirit   .   b - +0 scale mail
rPois    .         Reflect  .   (helmet unavailable)
rElec    .         Harm     .   (no cloak)
rCorr    .         Rampage  .   (no gloves)
Will     .....                  (no boots)
Stlth    ..........             (no amulet)
HPRegen  0.18/turn              (no ring)
MPRegen  0.10/turn              (no ring)

@: lethally poisoned (-1 -> -7), weakened
A: permanent stasis, dig shafts and tunnels, antennae 3, four strong arms
a: Dig, Shaft Self, Renounce Religion


You were on level 5 of the Dungeon.
You worshipped Xom.
You were a special plaything of Xom.
You visited 1 branch of the dungeon, and saw 5 of its levels.

You collected 88 gold pieces.

Inventory:

Hand Weapons
 a - a +0 trident of flaming (weapon)
Missiles
 m - 29 poisoned darts (quivered)
Armour
 b - a +0 scale mail (worn)
 c - a +0 kite shield (worn)
 j - a +1 pair of gloves
 k - a +0 tower shield
Jewellery
 i - a ring of fire
Scrolls
 g - 2 scrolls of noise
 p - a scroll of amnesia {unknown}
Potions
 d - 3 potions of might
 f - a potion of cancellation
 h - 2 potions of resistance
 l - a potion of invisibility {unknown}
 o - a potion of degeneration {unknown}


   Skills:
 - Level 5.0 Fighting
 * Level 6.8 Polearms
 - Level 3.2 Armour
 - Level 3.6 Shields


You had 6 spell levels left.
You didn't know any spells.
Your spell library contained the following spells:

 Spells                   Type           Power      Damage    Failure   Level
 Magic Dart               Conj           0%         1d3       98%         1
 Call Imp                 Summ           0%         N/A       99%         2
 Slow                     Hex            0%         N/A       99%         2
 Conjure Flame            Conj/Fire      0%         6-21      100%        3
 Mephitic Cloud           Conj/Pois/Air  0%         N/A       100%        3
 Blink                    Tloc           Unusable   N/A       N/A         2

Dungeon Overview and Level Annotations

Branches:
Dungeon (5/15)
 Temple: D:4-7

Altars:
Wu Jian
Xom
The Shining One


Innate Abilities, Weirdness & Mutations

You cannot be hasted, slowed, berserked, paralysed or teleported.
You can dig through walls and to a lower floor.
You have a pair of large antennae on your head. (SInv)
Your four strong arms can wield two-handed weapons with a shield.


Message History

You hit the orange demon. You burn the orange demon.
The orange demon is heavily wounded.
The orange demon closely misses you. x2
You barely miss the orange demon.
The orange demon is heavily wounded.
The orange demon stings you!
* * * LOW HITPOINT WARNING * * *
You are lethally poisoned!
The orange demon poisons you!
The orange demon hits you but does no damage.
You feel better. The orange demon barely misses you.
The orange demon hits you but does no damage.
You hit the orange demon. You burn the orange demon.
The orange demon is heavily wounded.
The orange demon stings you.
* * * LOW HITPOINT WARNING * * *
You are lethally poisoned!
The orange demon poisons you! The orange demon hits you.
* * * LOW HITPOINT WARNING * * *
Okay, then.
It was a potion of heal wounds.
You feel much better.
You feel very sick.
The orange demon stings you but does no damage.
You block the orange demon's attack.
You hit the orange demon. You burn the orange demon.
The orange demon is severely wounded.
You feel very sick. The orange demon stings you.
* * * LOW HITPOINT WARNING * * *
The orange demon hits you.
* * * LOW HITPOINT WARNING * * *
You feel as though you will be weak longer.
You puncture the orange demon! You burn the orange demon.
The orange demon is almost dead.
You feel sick. You block the orange demon's attack. The orange demon hits you.
* * * LOW HITPOINT WARNING * * *
You feel as though you will be weak longer.
The orange demon stings you!
You die... "I guess I need a new plaything now."

#.# .. #.# #.#
#.# #.#
###.#####.##
†..........##
####.###..#.###
#.# #....4.###
#.###..#.#.#4##
#.......##.{#@#
######.###.####
...#####.# #.#
.........# #.#
...####### #.#
# #.# # #.# #
#. #


You could see an orange demon (summoned).

Vanquished Creatures
  Prince Ribbit (D:5)
  An ice beast (D:5)
  A black bear (D:3)
  Robin (D:4)
  4 adders
  2 dart slugs
  An orc (D:3)
  6 endoplasms
  3 giant cockroaches
  12 goblins
  10 hobgoblins
  5 jackals
  9 kobolds
  3 quokkas
  4 ball pythons
  7 bats
  2 frilled lizards
  5 rats
77 creatures vanquished.

Vanquished Creatures (others)
  A goblin (D:4)
  A fungus (D:2)
  7 plants
9 creatures vanquished.

Grand Total: 86 creatures vanquished

Notes
Turn   | Place    | Note
-------+----------+-------------------------------------------
     0 | D:1      | Delamore the Formicid Fighter began the quest for the Orb.
     0 | D:1      | Reached XP level 1. HP: 18/18 MP: 1/1
   127 | D:1      | Reached XP level 2. HP: 11/24 MP: 2/2
   685 | D:1      | Reached XP level 3. HP: 30/30 MP: 3/3
   821 | D:2      | Reached skill level 3 in Polearms
  1345 | D:2      | Reached XP level 4. HP: 36/37 MP: 4/4
  1542 | D:2      | Found a faded altar of an unknown god.
  1559 | D:2      | Became a worshipper of Xom of Enforced Whimsey
  1889 | D:3      | Noticed a black bear
  1904 | D:3      | Killed a black bear
  1905 | D:3      | Reached skill level 4 in Polearms
  1905 | D:3      | Reached XP level 5. HP: 23/43 MP: 5/5
  2180 | D:3      | Found a large runed translucent door.
  2180 | D:3      | Found a large runed translucent door.
  2297 | D:3      | Reached XP level 6. HP: 47/49 MP: 6/6
  2413 | D:3      | Found an ornate altar of the Wu Jian Council.
  2425 | D:3      | Found a glowing golden altar of the Shining One.
  2551 | D:4      | Noticed Robin
  2560 | D:4      | Killed Robin
  2561 | D:4      | Reached skill level 5 in Polearms
  2625 | D:4      | Noticed a necrophage
  2625 | D:4      | Noticed a two-headed ogre
  2670 | D:4      | XOM: potion effect (brilliance)
  2781 | D:5      | Entered Level 5 of the Dungeon
  2798 | D:5      | Noticed an ice beast
  2798 | D:5      | XOM: potion effect (invisibility)
  2810 | D:5      | XOM: blink monster(s)
  2816 | D:5      | Killed an ice beast
  2817 | D:5      | Reached skill level 5 in Fighting
  2864 | D:5      | Noticed Prince Ribbit
  2874 | D:5      | Killed Prince Ribbit
  2875 | D:5      | Reached skill level 6 in Polearms
  2875 | D:5      | Reached XP level 7. HP: 17/56 MP: 7/7
  3204 | D:5      | XOM: summons 4 hostile demons
  3205 | D:5      | Noticed an orange demon
  3224 | D:5      | Slain by an orange demon

Illustrated notes

Levels and vault maps discovered:
D:1:      lordsloth_arrival_two_stooges, layout_loops_ring, minmay_heptomino_o4
D:2:      layout_rooms, shapermc_ecumenical_altar_mp_urbaneastern
D:3:      layout_basic, jmf_multi_god_temple2, minmay_misc_feat_roman,
          chequers_serial_rivers_room_b
D:4:      cheibrodos_barr_body, layout_loops_ring, minmay_temple_entry_tees,
          serial_bayou_lagoon_a, uniq_robin
D:5:      layout_loops_ring, grunt_temple_overflow_champion_of_chaos,
          uniq_prince_ribbit1

Skill      XL: |  1  2  3  4  5  6 |
---------------+-------------------+-----
Polearms       | 3 4 6 |  6.8
Fighting       | 4 5 |  5.0
Armour         | |  3.2
Shields        | |  3.6

Action                   |  1- 3 |  4- 6 |  7- 9 || total
-------------------------+-------+-------+-------++-------
Melee: Trident           |   115 |   124 |    20 ||   259
Throw: Dart              |       |    13 |       ||    13
 Abil: Dig               |     8 |     1 |     1 ||    10
  Use: Scroll            |     3 |     4 |     1 ||     8
       Potion            |       |       |     2 ||     2
 Stab: Invisible         |       |     1 |       ||     1
Armor: Scale mail        |    42 |    31 |     7 ||    80
Dodge: Dodged            |    49 |    40 |    12 ||   101
Block: Kite shield       |    69 |    60 |     7 ||   136

Table legend: (Time is in decaauts)
 A = Elapsed time spent in this place.
 B = Non-inter-level travel time spent in this place.
 C = Inter-level travel time spent in this place.
 D = Time resting spent in this place.
 E = Time spent auto-exploring this place.
 F = Levels seen in this place.
 G = Mean time per level.
                   A        B        C        D        E       F      G
               +--------+--------+--------+--------+--------+-----+--------+
         Total |   3315 |   3209 |    106 |    661 |   1874 |   5 |  663.0 |
       Dungeon |   3315 |   3209 |    106 |    661 |   1874 |   5 |  663.0 |
               +--------+--------+--------+--------+--------+-----+--------+

Top non-repeatable levels by time:
     D:1: 1025 daAuts
     D:3: 865 daAuts
     D:2: 664 daAuts
     D:5: 450 daAuts
     D:4: 310 daAuts
